 Dungeon Crawl Stone Soup version 0.17.0-24-gcfadda4 (console) character file.

37135 nht the Unseen (level 13, 0/141 HPs)
             Began as a Merfolk Berserker on Nov 17, 2015.
             Was the Champion of Trog.
             Slain by a freezing wraith (22 damage)
             ... in an ice cave.
             The game lasted 00:46:51 (21079 turns).

nht the Unseen (Merfolk Berserker)                 Turns: 21079, Time: 00:46:51

Health: 0/141      AC: 11    Str: 23    XL:     13   Next: 94%
Magic:  18/18      EV: 20    Int:  7    God:    Trog [******]
Gold:   2039       SH:  0    Dex: 29    Spells: 0 memorised, 12 levels left

rFire  x . .     SeeInvis .     b - +6 great sword {slice, +Inv rF- Dex+8}
rCold  . . .     Clarity  .     V - +0 troll leather armour
rNeg   . . .     SustAt   .     (shield currently unavailable)
rPois  .         Gourm    .     X - +2 helmet
rElec  .         Spirit   .     C - +1 cloak
rCorr  .         Warding  .     o - +0 pair of gloves
rMut   .         Stasis   .     Y - +0 pair of boots
MR     .....                    N - amulet of faith
Stlth  ..........               x - +4 ring of dexterity
                                l - ring of invisibility

@: berserking, very quick, not resistant to hostile enchantments, extremely
unstealthy
A: change form in water, swift swim
a: Berserk, Trog's Hand, Brothers in Arms, Burn Spellbooks, Renounce Religion,
Evoke Invisibility


You were in an ice cave.
You worshipped Trog.
Trog was exalted by your worship.
You were hungry.

You visited 3 branches of the dungeon, and saw 20 of its levels.
You also visited: Ice Cave.

You collected 2249 gold pieces.
You spent 210 gold pieces at shops.

Inventory:

Hand Weapons
 a - a +1 dagger of electrocution
 b - the +6 great sword "Misat" (weapon) {slice, +Inv rF- Dex+8}
   (Trog gifted it to you on level 11 of the Dungeon)

   It inflicts extra damage upon your enemies.
   It affects your dexterity (+8).
   It makes you vulnerable to fire.
   It lets you turn invisible.
 B - a +0 blowgun
Missiles
 i - 10 needles of sleeping
 w - 15 javelins
 y - 72 tomahawks (quivered)
 D - 18 poisoned needles
 F - 11 curare-tipped needles
 Q - 5 tomahawks of returning
Armour
 o - a +0 pair of gloves (worn)
 C - a +1 cloak (worn)
 V - a +0 troll leather armour (worn)
 X - a +2 helmet (worn)
 Y - a +0 pair of boots (worn)
Jewellery
 l - a ring of invisibility (left hand)
 s - an uncursed ring of see invisible
 x - a +4 ring of dexterity (right hand)
 N - an amulet of faith (around neck)
 S - an uncursed ring of teleportation
Wands
 r - a wand of slowing (6)
 H - a wand of enslavement (5)
 J - a wand of disintegration (16)
 K - a wand of digging (12)
 M - a wand of digging (9)
 O - a wand of slowing (31)
 W - a wand of enslavement (13)
Scrolls
 h - 9 scrolls of identify
 n - 3 scrolls of remove curse
 q - 3 scrolls of fog
 t - 12 scrolls of teleportation
 u - a scroll of magic mapping
 v - 6 scrolls of recharging
 U - 4 scrolls of enchant weapon
 Z - a scroll of fear
Potions
 d - 2 potions of magic
 g - 2 potions of heal wounds
 j - 2 potions of resistance
 k - 2 potions of lignification
 m - 8 potions of curing
 p - a potion of cancellation
 G - 2 potions of brilliance
 I - 2 potions of might
 L - a potion of agility
 R - 2 potions of haste
Miscellaneous
 e - a phantom mirror
Comestibles
 c - 8 bread rations
 f - 9 meat rations
 A - 13 royal jellies
 P - 6 fruits
 T - 4 beef jerkies


   Skills:
 - Level 6.3 Fighting
 + Level 16.4 Long Blades
 + Level 8.1 Throwing
 - Level 1.3 Armour
 - Level 7.2 Dodging
 - Level 16.8 Stealth
 - Level 7.4 Evocations


You had 12 spell levels left.
You didn't know any spells.

Dungeon Overview and Level Annotations

Branches:
Dungeon (11/15)            Temple (0/1) D:6            Lair (5/8) D:11
  Snake (0/4) Lair:4          Orc (4/4) D:11            Elf (0/3) Orc:4
  Swamp: Lair:3-6    Shoals: Lair:3-6

Altars:
Cheibriados
Dithmenos
Makhleb
Okawaru
Xom
Zin
The Shining One
Beogh

Shops:
D:7 (   D:9 [   D:11 [   Orc:2 ?=%(   Orc:4 ::[(

Annotations:
D:6 1 runed door
Lair:3 exclusion: door


Message History

The freezing wraith hits you! The freezing wraith freezes you!!
* * * LOW HITPOINT WARNING * * *
The freezing wraith closely misses you.
A red film seems to cover your vision as you go berserk!
You feel yourself moving faster!
You feel mighty!
You feel somewhat more hungry. The ice beast barely misses you.
The freezing wraith barely misses you. The freezing wraith hits you.
* * * LOW HITPOINT WARNING * * *
You are too injured to fight recklessly!
You are too injured to fight recklessly!
You closely miss the freezing wraith. The ice beast hits you.
* * * LOW HITPOINT WARNING * * *
The ice beast freezes you!
* * * LOW HITPOINT WARNING * * *
You slash the freezing wraith!
The freezing wraith is heavily damaged.
The freezing wraith hits you.
* * * LOW HITPOINT WARNING * * *
The freezing wraith freezes you!!
You die... █.....█ ██..█..██ .█ █"$█

██...██..█
..█...██
██...████.██
█......█
██...██
█..██
█......██
█...██ ██..█
█.......██
██..██ █..██
....W...█
█..██████
██..█
█.......█
██.███...██
█..███.....█
█..██.....██
██..██.....█
█..█...█...█
█.@█.....██
█....████..█
██WY.█████
█...██ █..██
██.██ ██.██
██..██ ███
███ █...██
██....██


████ █......█ ████ ██..██ ██.....████..█████....██ █.......██....██.......█
█..........█.......∩.∩.█ █.........███..........█ You could see a freezing
wraith and an ice beast.

Vanquished Creatures
  A stone giant (Orc:3)
  Josephine (Lair:4)
  2 hydras (Lair:2)
  Erolcha (D:8)
  A centaur warrior (D:11)
  A tengu warrior (D:11)
  Sonja (Lair:4)
  A necromancer (Lair:3)
  2 orc knights
  An orc sorcerer (Orc:1)
  An ugly thing (D:11)
  A griffon (Lair:4)
  2 centaur zombies (D:11)
  3 komodo dragons
  A tengu conjurer (D:11)
  7 spiny frogs
  A troll (Orc:3)
  A two-headed ogre (D:10)
  5 freezing wraiths (IceCv)
  Prince Ribbit (D:7)
  6 blink frogs
  16 yaks
  2 wyverns (D:11)
  A steam dragon (D:8)
  Eustachio (D:6)
  4 hungry ghosts
  3 hippogriffs
  3 wraiths (Lair:4)
  5 wargs
  A soldier ant (D:11)
  2 nagas (Lair:4)
  6 water moccasins
  28 orc warriors
  3 sky beasts
  A swamp drake (D:11)
  A wasp (D:11)
  3 black bears
  A spider (D:11)
  4 porcupines
  6 ogres
  13 crocodiles
  A big kobold (D:10)
  13 ice beasts
  3 centaurs
  13 giant frogs
  6 scorpions
  9 killer bees
  3 wights (D:7)
  4 crimson imps
  A gnoll shaman (D:9)
  2 giant frog zombies
  4 hounds
  A jelly (D:7)
  31 orc priests
  3 giant frog skeletons
  A quasit (D:11)
  3 centaur skeletons
  6 iguanas
  38 orc wizards
  4 worker ants
  2 killer bee zombies (D:7)
  4 sheep (Lair:5)
  A polar bear simulacrum (Lair:3)
  A hound skeleton (D:6)
  28 river rats
  12 adders
  11 gnolls
  2 shadow imps
  3 white imps (IceCv)
  3 oozes
  An adder zombie (D:9)
  An adder skeleton (D:5)
  5 worms
  6 giant geckos
  161 orcs
  5 ball pythons
  11 bats
  4 giant cockroaches
  8 goblins
  8 hobgoblins
  6 jackals
  7 kobolds
  2 giant gecko zombies
  7 giant newts
  A jackal zombie (D:5)
  5 quokkas
  A quokka skeleton (D:5)
  8 rats
  A river rat simulacrum (Lair:3)
  A fungus (Lair:5)
607 creatures vanquished.

Vanquished Creatures (collateral kills)
  Saint Roka (Orc:4)
  Rupert (Orc:3)
  An orc knight (Orc:4)
  An orc sorcerer (Orc:4)
  A wolf spider simulacrum (IceCv)
  A death yak simulacrum (IceCv)
  2 ice beasts (IceCv)
  7 orc warriors (Orc:4)
  An alligator simulacrum (IceCv)
  3 orc priests
  An orc wizard (Orc:4)
  A wolf simulacrum (IceCv)
  2 white imps (IceCv)
  12 orcs
35 creatures vanquished.

Vanquished Creatures (others)
  An orc warrior (Orc:2)
1 creature vanquished.

Grand Total: 643 creatures vanquished

Notes
Turn   | Place    | Note
--------------------------------------------------------------
     0 | D:1      | nht the Merfolk Berserker began the quest for the Orb.
     0 | D:1      | Reached XP level 1. HP: 18/18 MP: 1/1
   228 | D:1      | Reached XP level 2. HP: 17/24 MP: 2/2
   270 | D:1      | Reached skill level 4 in Long Blades
   615 | D:1      | Reached XP level 3. HP: 22/29 MP: 3/3
   976 | D:2      | Reached ** piety under Trog
  1026 | D:2      | Reached skill level 5 in Long Blades
  1210 | D:2      | Found a faded altar to an unknown god.
  1318 | D:2      | Reached XP level 4. HP: 28/35 MP: 4/4
  1429 | D:3      | Noticed an ogre
  1436 | D:3      | Killed an ogre
  1436 | D:3      | Reached skill level 6 in Long Blades
  1436 | D:3      | Reached XP level 5. HP: 41/41 MP: 5/5
  1626 | D:3      | Reached skill level 7 in Long Blades
  1711 | D:3      | Reached XP level 6. HP: 33/47 MP: 6/6
  1778 | D:3      | Found a snail-covered altar of Cheibriados.
  2016 | D:3      | Reached *** piety under Trog
  2461 | D:4      | Found an iron altar of Okawaru.
  3345 | D:4      | Reached skill level 8 in Long Blades
  3671 | D:5      | Entered Level 5 of the Dungeon
  3860 | D:5      | Reached XP level 7. HP: 52/52 MP: 7/7
  4385 | D:5      | Reached skill level 9 in Long Blades
  4491 | D:6      | Noticed Eustachio
  4693 | D:6      | Killed Eustachio
  4724 | D:6      | Found a glowing silver altar of Zin.
  4724 | D:6      | Found a runed door.
  4724 | D:6      | Noticed an angel
  4753 | D:6      | Reached skill level 10 in Long Blades
  4753 | D:6      | Reached XP level 8. HP: 58/58 MP: 8/8
  5159 | D:6      | Reached skill level 11 in Long Blades
  5242 | D:6      | Received a gift from Trog
  5817 | D:6      | Found a staircase to the Ecumenical Temple.
  5932 | D:7      | Reached skill level 12 in Long Blades
  6068 | D:7      | Reached XP level 9. HP: 64/64 MP: 9/9
  6395 | D:7      | Found Pokhopn's Antique Weapon Boutique.
  6435 | D:7      | Reached **** piety under Trog
  6511 | D:7      | Reached skill level 13 in Long Blades
  6603 | D:7      | Noticed Prince Ribbit
  6614 | D:7      | Killed Prince Ribbit
  7107 | D:8      | Reached skill level 14 in Long Blades
  7500 | D:8      | Found a glowing silver altar of Zin.
  7503 | D:8      | Found a glowing golden altar of the Shining One.
  7506 | D:8      | Found a shadowy altar of Dithmenos.
  7509 | D:8      | Found an iron altar of Okawaru.
  7519 | D:8      | Reached skill level 1 in Stealth
  7614 | D:8      | Reached XP level 10. HP: 67/71 MP: 10/10
  7789 | D:8      | Noticed Erolcha
  7803 | D:8      | Killed Erolcha
  8240 | D:9      | Reached skill level 1 in Evocations
  8386 | D:9      | Found Heoxitisch's Antique Armour Shop.
  8760 | D:9      | Reached ***** piety under Trog
  8966 | D:9      | Reached skill level 5 in Stealth
  8978 | D:9      | Found a burning altar of Makhleb.
  8979 | D:9      | Found a shimmering altar of Xom.
  9170 | D:10     | Entered Level 10 of the Dungeon
  9185 | D:10     | Got a crude dagger
  9186 | D:10     | Identified the +6 dagger "Guorchui" {vamp, Dex+3} (You found it on level 10 of the Dungeon)
  9830 | D:11     | Noticed a red ugly thing
  9831 | D:11     | Killed a red ugly thing
  9831 | D:11     | Reached skill level 5 in Evocations
  9831 | D:11     | Reached XP level 11. HP: 78/78 MP: 14/14
 10046 | D:11     | Received a gift from Trog
 10048 | D:11     | Got a faintly glowing great sword {god gift}
 10049 | D:11     | Identified the +6 great sword "Misat" {slice, +Inv rF- Dex+8} (Trog gifted it to you on level 11 of the Dungeon)
 10179 | D:11     | Found a staircase to the Orcish Mines.
 10179 | D:11     | Noticed a tengu warrior
 10374 | D:11     | Noticed a centaur warrior
 10382 | D:11     | Killed a centaur warrior
 10463 | D:11     | Found a staircase to the Lair.
 10514 | D:11     | Found Gus Nac's Armour Boutique.
 11632 | D:11     | HP: 3/78 [tengu warrior/halberd (13)]
 11633 | D:11     | Killed a tengu warrior
 11633 | D:11     | Reached skill level 15 in Stealth
 12217 | Orc:1    | Entered Level 1 of the Orcish Mines
 12223 | Orc:1    | Received a gift from Trog
 12309 | Orc:1    | Reached XP level 12. HP: 79/84 MP: 16/16
 12320 | Orc:1    | Reached ****** piety under Trog
 12475 | Orc:2    | Reached skill level 16 in Stealth
 12596 | Orc:2    | Found a roughly hewn altar of Beogh.
 12616 | Orc:2    | Received a gift from Trog
 12669 | Orc:2    | Found Conur's Weapon Shoppe.
 12771 | Orc:2    | Found Vezxutip's Food Shop.
 12886 | Orc:2    | Found Wurie's Jewellery Shoppe.
 12890 | Orc:2    | Found Gevisid's Magic Scroll Shoppe.
 12925 | Orc:2    | Bought an uncursed ring of see invisible for 210 gold pieces
 12926 | Orc:2    | Found Hituph's Magic Scroll Shoppe.
 13088 | Orc:1    | Noticed an orc knight
 13103 | Orc:1    | Killed an orc knight
 13696 | Orc:3    | Noticed Rupert
 13710 | Orc:3    | Killed Rupert
 13710 | Orc:3    | Reached skill level 5 in Fighting
 13710 | Orc:3    | Reached skill level 5 in Dodging
 13776 | Orc:3    | Received a gift from Trog
 13851 | Orc:3    | Noticed a stone giant
 13948 | Orc:3    | Killed a stone giant
 13948 | Orc:3    | Reached skill level 1 in Throwing
 14464 | Orc:4    | Entered Level 4 of the Orcish Mines
 14648 | Orc:4    | Found a staircase to the Elven Halls.
 14658 | Orc:4    | Found a roughly hewn altar of Beogh.
 14686 | Orc:4    | Received a gift from Trog
 14699 | Orc:4    | Found Etosin's Book Shop.
 14820 | Orc:4    | Found a roughly hewn altar of Beogh.
 14898 | Orc:4    | Found a roughly hewn altar of Beogh.
 14899 | Orc:4    | Found Cimosuin's Book Boutique.
 15288 | Orc:4    | Found a roughly hewn altar of Beogh.
 15553 | Orc:4    | Found a roughly hewn altar of Beogh.
 15683 | Orc:4    | Found Yklilirch's Antique Weapon Shop.
 15683 | Orc:4    | Noticed Saint Roka
 15685 | Orc:4    | Found a roughly hewn altar of Beogh.
 15997 | Orc:4    | Killed Saint Roka
 16002 | Orc:4    | Received a gift from Trog
 16020 | Orc:4    | Reached XP level 13. HP: 46/93 MP: 18/18
 16311 | Orc:4    | Found Cioruyqa's Antique Armour Boutique.
 16579 | Lair:1   | Entered Level 1 of the Lair of Beasts
 16604 | Lair:1   | Reached skill level 15 in Long Blades
 18223 | Lair:2   | Reached skill level 5 in Throwing
 18926 | Lair:3   | Received a gift from Trog
 19785 | Lair:4   | Noticed Sonja
 19793 | Lair:4   | Killed Sonja
 20100 | Lair:4   | Found a staircase to the Snake Pit.
 20152 | Lair:4   | Noticed Josephine
 20165 | Lair:4   | Killed Josephine
 20866 | Lair:5   | Found a frozen archway.
 20875 | Lair:5   | Received a gift from Trog
 20898 | IceCv    | Entered an ice cave
 21079 | IceCv    | Slain by a freezing wraith

Action                   |  1- 3 |  4- 6 |  7- 9 | 10-12 | 13-15 || total
-------------------------+-------+-------+-------+-------+-------++-------
Melee: Falchion          |    78 |       |   116 |       |       ||   194
       Short sword       |    45 |   155 |   163 |       |       ||   363
       Dagger            |       |       |    94 |   357 |    88 ||   539
       Great sword       |       |       |       |   438 |   215 ||   653
Invok: Berserk           |       |     6 |    11 |     6 |     6 ||    29
       Burn Spellbooks   |       |       |       |     3 |     1 ||     4
       Trog's Hand       |       |       |       |     1 |       ||     1
       Brothers in Arms  |       |       |       |     3 |     2 ||     5
 Abil: Evoke Invisibilit |       |       |       |    18 |     9 ||    27
Evoke: Wand              |       |       |       |    11 |    41 ||    52
  Use: Scroll            |     4 |     4 |     5 |    12 |     2 ||    27
       Potion            |       |       |     8 |     2 |       ||    10
 Stab: Sleeping          |     2 |     4 |       |    55 |    45 ||   106
       Invisible         |       |       |       |    52 |    13 ||    65
       Distracted        |       |       |       |     6 |     1 ||     7
       Confused          |       |       |       |     1 |       ||     1
  Eat: Chunk             |     1 |    12 |    16 |    39 |    19 ||    87
       Fruit             |       |     3 |     3 |     1 |     4 ||    11
       Pizza             |       |       |     3 |     1 |     2 ||     6
       Beef jerky        |       |       |     2 |     1 |       ||     3
